Map: King's Cove LE

Players

HeRoMaRinE

  • Race: Terran Terran
  • Spawn Location: 11:00

Reynor - Winner!

  • Race: Zerg Zerg
  • Spawn Location: 5:00

Event: 2019 WCS Summer

VOD

Have the link to the VOD?

Description

Time

  • Played on: July 14, 2019, 1 p.m.
  • Length: 5:49

All games in this series

Show
View Real Time Build Order
Export as new Build Order

HeRoMaRinE Terran 

Build Orders: Reaper Expand 

Get SALT Encoding   

  12  0:00  SCV  
  13  0:12  SCV  
  14  0:18  Supply Depot  
  14  0:24  SCV  
  15  0:39  SCV  
  15  0:42  Barracks  
  16  0:44  Refinery  
  16  0:52  SCV  
  17  1:04  SCV  
  18  1:16  SCV  
  19  1:30  Orbital Command, Reaper  
  20  1:43  Command Center  
  20  1:51  Supply Depot  
  20  1:55  SCV  
  21  2:01  Marine  
  21  2:07  SCV  
  23  2:09  Factory  
  23  2:15  Refinery  
  23  2:19  SCV  
  23  2:21  Barracks Reactor  
  24  2:31  SCV  
  25  2:43  SCV  
  25  2:55  Starport  
  25  2:56  SCV  
  26  3:03  Hellion x2  
  30  3:08  SCV  
  31  3:28  Orbital Command, SCV  
  31  3:34  Hellion x2, Fusion Core  
  36  3:38  Marine  
  36  3:40  SCV  
  38  3:46  Starport Tech Lab  
  38  3:52  SCV  
  38  3:54  SCV  
  40  4:02  Supply Depot  
  40  4:04  SCV  
  40  4:05  Supply Depot  
  40  4:06  SCV  
  44  4:17  SCV  
  44  4:18  SCV  
  44  4:23  Hellion  
  52  4:24  Battlecruiser  
  52  4:25  Hellion  
  52  4:29  SCV  
  52  4:30  SCV  
  56  4:32  Supply Depot  
  56  4:41  SCV  
  56  4:42  SCV  
  56  4:45  Hellion  
  60  4:46  Hellion  
  62  4:54  SCV x2  
  64  5:06  SCV x2  
  64  5:07  Hellion  
  67  5:08  Hellion  
  53  5:28  Hellion  
Show
View Real Time Build Order
Export as new Build Order

Reynor Zerg - Winner!

Build Orders: Pool First 

Get SALT Encoding   

  12  0:00  Drone  
  13  0:12  Overlord  
  13  0:17  Drone  
  14  0:30  Drone x2  
  16  0:41  Spawning Pool  
  15  0:45  Drone  
  15  0:48  Drone  
  17  1:09  Hatchery  
  16  1:15  Drone  
  17  1:28  Zergling x6  
  20  1:33  Queen  
  20  1:35  Extractor  
  21  1:40  Overlord  
  21  1:50  Drone  
  22  2:01  Drone  
  23  2:08  Queen  
  23  2:11  Drone  
  26  2:22  Drone x2  
  28  2:33  Drone x2  
  29  2:40  Metabolic Boost, Drone  
  29  2:42  Overlord  
  29  2:44  Drone x2  
  31  2:47  Drone  
  32  2:53  Drone  
  32  2:55  Drone  
  33  3:08  Hatchery  
  33  3:12  Zergling x4  
  34  3:18  Roach Warren  
  34  3:19  Drone  
  34  3:22  Drone  
  34  3:27  Overlord  
  35  3:30  Drone  
  35  3:34  Zergling x4  
  38  3:40  Queen  
  40  3:43  Overlord  
  40  3:58  Roach x5  
  52  4:03  Roach  
  52  4:04  Roach  
  52  4:08  Zergling x4  
  56  4:10  Zergling x2  
  56  4:14  Overlord  
  57  4:20  Zergling x2  
  57  4:21  Zergling x4  
  60  4:27  Zergling x4  
  62  4:33  Ravager  
  62  4:35  Zergling x2  
  62  4:38  Zergling x6  
  67  4:40  Overlord  
  67  4:43  Zergling x2  
  68  4:51  Zergling x8  
  72  4:55  Zergling x4  
  72  4:57  Overlord  
  74  5:00  Zergling x4  
  74  5:04  Overlord  
  76  5:07  Zergling x4  
  76  5:08  Zergling x2  
  76  5:11  Overlord  
  78  5:17  Zergling x6  
  78  5:20  Zergling x2  
  76  5:29  Zergling x2  
  76  5:30  Zergling x2  
Tags
 
Add a new tag
Caveats
  • Supply blocks, unpowered buildings, or Contaminate may cause inaccurate times.
  • Supply counts are checked every 10 seconds.